 Dungeon Crawl Stone Soup version 0.29.1-2-gbd0b4ee654 (webtiles) character file.

Game seed: 8518621579735546632

542 KittyFluff the Cudgeller (level 7, -5/61 HPs)
             Began as a Pale Draconian Berserker on Nov 24, 2022.
             Was a Priest of Trog.
             Slain by an orc warrior
             ... wielding a +0 halberd
              (21 damage)
             ... on level 4 of the Dungeon.
             The game lasted 00:15:04 (3713 turns).

KittyFluff the Cudgeller (Pale Draconian Berserker) Turns: 3713, Time: 00:15:04

Health: -5/61      AC:  7    Str: 19    XL:     7   Next: 6%
Magic:  7/7        EV: 13    Int:  8    God:    Trog [***...]
Gold:   155        SH:  0    Dex: 12    Spells: 6/6 levels left

rFire   . . .      SeeInvis .   a - +0 mace
rCold   . . .      Faith    .   (no shield)
rNeg    . . .      Spirit   .   (body armour unavailable)
rPois   .          Reflect  .   (helmet restricted)
rElec   .          Harm     .   q - +0 cloak
rCorr   .          Rampage  .   (no gloves)
Will    .....                   (no boots)
Stlth   ++........              (no amulet)
HPRegen 0.20/turn               h - +4 ring of slaying
MPRegen 0.10/turn               (no ring)

@: short of breath
A: breathe steam, AC +6, unfitting armour, cold-blooded, steam resistance
a: Breathe Steam, Renounce Religion, Berserk, Trog's Hand


You were on level 4 of the Dungeon.
You worshipped Trog.
Trog was most pleased with you.
You visited 1 branch of the dungeon, and saw 4 of its levels.

You collected 177 gold pieces.
You spent 22 gold pieces at shops.

Inventory:

Hand Weapons
 a - a +0 mace (weapon)
 j - a +0 falchion of protection
Missiles
 o - 5 poisoned darts (quivered)
Armour
 q - a +0 cloak (worn)
Magical Staves
 g - a staff of earth
Jewellery
 h - a +4 ring of slaying (left hand)
Scrolls
 c - 2 scrolls of fear
 d - a scroll of enchant armour {unknown}
 e - a scroll of enchant weapon {unknown}
 m - a scroll of poison {unknown}
Potions
 b - a potion of haste
 f - 3 potions of might
 i - a potion of heal wounds {unknown}
 k - a potion of attraction
 l - a potion of flight
 n - 2 potions of curing
 p - a potion of magic
 r - a potion of lignification


   Skills:
 + Level 5.0 Fighting
 + Level 6.0 Maces & Flails
 + Level 4.2 Dodging
 + Level 1.3 Stealth


You had 6 spell levels left.
You didn't know any spells.
Your spell library was empty.

Dungeon Overview and Level Annotations

Branches:
Dungeon (4/15)
 Temple: D:4-7

Altars:
Makhleb

Shops:
D:3 *


Innate Abilities, Weirdness & Mutations

You can breathe blasts of scalding, opaque steam.
Your pale cyan-grey scales are hard. (AC +6)
You cannot fit into any form of body armour.
You are cold-blooded and may be slowed by cold attacks.
You are immune to the effects of steam.


Message History

The orc warrior is moderately wounded.
The orc warrior barely misses you.
Aiming: Breathe Steam (1% risk of failure)
Press: ? - help, Shift-Dir - straight line, f - orc
Aim: an orc, wielding a +0 flail (71% to hit)
You exhale a blast of scalding steam.
The ball of steam hits the orc warrior.
The orc warrior is moderately wounded.
The ball of steam hits the orc!
You kill the orc!
Trog accepts your kill. x2
You feel a bit more experienced.
The orc warrior is engulfed in a cloud of scalding steam.
The orc warrior hits you with a +0 halberd!
Unknown command.
You sock the orc warrior!
The orc warrior is severely wounded.
The orc warrior hits you but does no damage.
You closely miss the orc warrior.
The orc warrior is severely wounded.
The orc warrior is engulfed in a cloud of scalding steam.
The orc warrior hits you with a +0 halberd.
You closely miss the orc warrior.
You tail-slap the orc warrior, but do no damage.
The orc warrior is almost dead.
The orc warrior is engulfed in a cloud of scalding steam.
The orc warrior hits you with a +0 halberd!
You completely miss the orc warrior.
The orc warrior is almost dead.
The orc warrior hits you with a +0 halberd.
You hit the orc warrior but do no damage.
The orc warrior is almost dead.
The orc warrior hits you with a +0 halberd.
You hit the orc warrior but do no damage.
The orc warrior is almost dead.
The orc warrior hits you with a +0 halberd!
* * * LOW HITPOINT WARNING * * *
You barely miss the orc warrior.
Your tail-slap misses the orc warrior.
The orc warrior is almost dead.
The orc warrior hits you with a +0 halberd!!
You die...

.(........#.........#
..........#.........#
..........#.........#
# #w...#.........# #
#.)..#.........# #
##.###.........# ##
#)# ##...###.# #. #o#
#...# #... #. #@#
#...# #..#.
##.####...######...
#.........'......>#
#######...#########
#...#########
#...#.....:..
#####.####### #.#
#.#######


You could see an orc warrior and a dart slug.

Vanquished Creatures
  An ogre (D:4)
  Blork the orc (D:4)
  A scorpion (D:4)
  A hound (D:4)
  An iguana (D:4)
  Terence (D:3)
  An orc wizard (D:3)
  Robin (D:4)
  3 gnolls (D:2)
  10 adders
  2 worms
  6 orcs
  11 endoplasms
  2 giant cockroaches
  11 goblins
  6 hobgoblins
  6 kobolds
  3 quokkas
  12 ball pythons
  7 bats
  A frilled lizard (D:3)
  3 rats (D:1)
91 creatures vanquished.

Notes
Turn   | Place    | Note
-------+----------+-------------------------------------------
     0 | D:1      | KittyFluff the Draconian Berserker began the quest for the
                  | Orb.
     0 | D:1      | Reached XP level 1. HP: 19/19 MP: 1/1
   293 | D:1      | Reached XP level 2. HP: 26/26 MP: 2/2
   955 | D:2      | Reached XP level 3. HP: 28/33 MP: 3/3
  1090 | D:2      | Reached ** piety under Trog
  1115 | D:2      | Found a faded altar of an unknown god.
  1177 | D:2      | Reached XP level 4. HP: 11/40 MP: 4/4
  1862 | D:3      | Noticed Terence
  2182 | D:3      | Reached skill level 4 in Maces & Flails
  2316 | D:3      | Killed Terence
  2317 | D:3      | Reached XP level 5. HP: 39/47 MP: 5/5
  2595 | D:3      | Found Ukefooqirph's General Store.
  2651 | D:3      | Found a burning altar of Makhleb.
  2651 | D:3      | Noticed a green death
  2761 | D:3      | Bought a scroll of noise for 11 gold pieces
  2761 | D:3      | Bought a potion of degeneration for 11 gold pieces
  2842 | D:4      | Reached skill level 5 in Maces & Flails
  2842 | D:4      | Reached XP level 6. HP: 53/53 MP: 6/6
  2944 | D:4      | Reached skill level 1 in Stealth
  2968 | D:4      | Noticed Robin
  2976 | D:4      | Killed Robin
  2980 | D:4      | Reached *** piety under Trog
  3168 | D:4      | Noticed Blork the orc
  3185 | D:4      | Killed Blork the orc
  3644 | D:4      | Reached skill level 5 in Fighting
  3653 | D:4      | Reached skill level 6 in Maces & Flails
  3653 | D:4      | Your scales start taking on a pale cyan-grey colour.
  3653 | D:4      | Reached XP level 7. HP: 61/61 MP: 7/7
  3653 | D:4      | Gained mutation: You are immune to the effects of steam.
                  | [Pale Draconian growth]
  3713 | D:4      | Slain by an orc warrior

Illustrated notes

Levels and vault maps discovered:
D:1:      minmay_arrival_nine_rooms, layout_basic
D:2:      layout_loops_ring, shapermc_ecumenical_altar_venn, hex_large
D:3:      minmay_evil_eye, layout_loops_ring, makhleb_altar_promises_db,
          serial_shops, nicolae_diamond_shop, corexii_hall_statues_i,
          uniq_terence
D:4:      layout_basic, uniq_robin, uniq_blork_the_orc

Skill      XL: |  1  2  3  4  5  6 |
---------------+-------------------+-----
Dodging        | 3 4 |  4.2
Fighting       | 4 5 |  5.0
Maces & Flails | 4 5 6 |  6.0
Stealth        | 1 |  1.3

Action                   |  1- 3 |  4- 6 |  7- 9 || total
-------------------------+-------+-------+-------++-------
Melee: Mace              |    90 |   141 |    16 ||   247
       Tailslap          |    10 |    15 |     1 ||    26
       Punch             |       |     3 |       ||     3
Invok: Berserk           |     1 |     2 |       ||     3
 Abil: Breathe Steam     |       |       |     1 ||     1
  Use: Scroll            |     1 |     7 |       ||     8
 Stab: Sleeping          |       |     1 |       ||     1
Armor: Skin              |    41 |    38 |     3 ||    82
Dodge: Dodged            |    65 |   105 |    10 ||   180
